 Dungeon Crawl Stone Soup version 0.22-a0-161-g198051c (webtiles) character file.

133 Lathuz the Magician (level 4, -8/24 HPs)
             Began as a Deep Elf Fire Elementalist on Feb 11, 2018.
             Killed from afar by Lathuz's ghost (12 damage)
             ... with a flame tongue
             ... on level 3 of the Dungeon.
             The game lasted 00:04:50 (2915 turns).

Lathuz the Magician (Deep Elf Fire Elementalist)    Turns: 2915, Time: 00:04:51

Health: -8/24      AC:  2    Str:  5    XL:     4   Next: 93%
Magic:  2/12       EV: 13    Int: 21    God:
Gold:   176        SH:  0    Dex: 15    Spells: 1/11 levels left

rFire    . . .     SeeInvis .   l - -3 club (curse)
rCold    . . .     Gourm    .   (no shield)
rNeg     . . .     Faith    .   a - +0 robe
rPois    .         Spirit   .   (no helmet)
rElec    .         Reflect  .   (no cloak)
rCorr    +         Harm     .   (no gloves)
MR       .....                  (no boots)
Stlth    ++........             (no amulet)
HPRegen  0.08/turn              d - ring of resist corrosion
MPRegen  0.13/turn              (no ring)

@: no status effects
A: no striking features
a: no special abilities


You were on level 3 of the Dungeon.
You were not hungry.

You visited 1 branch of the dungeon, and saw 3 of its levels.

You collected 176 gold pieces.

Inventory:

Hand Weapons
 f - a +1 dagger
 l - a cursed -3 club (weapon)
Missiles
 g - 121 stones (quivered)
Armour
 a - a +0 robe (worn)
Jewellery
 d - a ring of resist corrosion (left hand)
Wands
 i - a wand of paralysis (9)
Scrolls
 e - 2 scrolls of fear
 r - a scroll of magic mapping
Potions
 h - a potion of berserk rage {unknown}
 j - a potion of agility {unknown}
 k - a potion of brilliance {unknown}
 m - a potion of ambrosia
 n - 2 potions of haste {unknown}
 o - 2 potions of cancellation {unknown}
 p - a potion of magic {unknown}
 s - a potion of heal wounds {unknown}
Books
 b - a book of Flames

   Spells                             Type                      Level
   a - Flame Tongue                   Conjuration/Fire             1
   b - Throw Flame                    Conjuration/Fire             2
   c - Conjure Flame                  Conjuration/Fire             3
   d - Inner Flame                    Hexes/Fire                   3
   e - Sticky Flame                   Conjuration/Fire             4
   f - Fireball                       Conjuration/Fire             5
Comestibles
 c - 6 rations


   Skills:
 - Level 2.4 Dodging
 - Level 2.4 Stealth
 + Level 4.3 Spellcasting
 * Level 3.7 Conjurations
 + Level 4.2 Fire Magic


You had one spell level left.
You knew the following spells:

 Your Spells              Type           Power        Failure   Level  Hunger
a - Flame Tongue          Conj/Fire      ###..        2%          1    None
b - Throw Flame           Conj/Fire      ###...       3%          2    #......
c - Conjure Flame         Conj/Fire      ###.....     7%          3    ##.....
d - Sticky Flame          Conj/Fire      ###.....     22%         4    ####...


Dungeon Overview and Level Annotations

Branches:
Dungeon (3/15)

Altars:
Ru

Annotations:
D:3 Lathuz's ghost, amateur DrFE


Message History

Casting: Flame Tongue (safe; 2% risk of failure)
Confirm with . or Enter, or press ? or * to list all spells.
Aiming: Flame Tongue (safe; 2% risk of failure)
Press: ? - help, Shift-Dir - straight line, f/p - Lathuz's ghost
Aim: Lathuz's ghost, wielding a weapon of electrocution (heavily damaged)
The flame tongue hits Lathuz's ghost.
Lathuz's ghost appears unharmed.
Lathuz's ghost is heavily damaged.
Lathuz's ghost hits you.
* * * LOW HITPOINT WARNING * * *
Casting: Flame Tongue (safe; 2% risk of failure)
Confirm with . or Enter, or press ? or * to list all spells.
Aiming: Sticky Flame (slightly dangerous; 22% risk of failure)
Press: ? - help, Shift-Dir - straight line, f/p - Lathuz's ghost
Aim: Lathuz's ghost, wielding a weapon of electrocution (heavily damaged)
The sticky flame hits Lathuz's ghost.
Lathuz's ghost appears unharmed.
Lathuz's ghost is heavily damaged.
Lathuz's ghost gestures at you while chanting.
The flame tongue hits you!
Ouch! That really hurt!
You die...

.'#######+
#...#...#
#...#...
#......
###._†###
#.......###
#..)#...#.#
#.. #..W#.#
.'# ####@.#
%. ###....##
# #.......#
#.......#
#..####.###
##..#.......
#........##..
#..<.....# #
#.###.#.##


You could see Lathuz's ghost.

Vanquished Creatures
  An orc wizard (D:3)
  3 adders (D:2)
  A gnoll (D:1)
  3 worms (D:2)
  2 dart slugs (D:2)
  2 leopard geckos
  An orc (D:3)
  A ball python (D:1)
  7 bats
  3 giant cockroaches
  5 goblins
  11 hobgoblins
  3 kobolds
  6 frilled lizards
  7 rats
56 creatures vanquished.

Notes
Turn   | Place    | Note
-------+----------+-------------------------------------------
     0 | D:1      | Lathuz the Deep Elf Fire Elementalist began the quest for the Orb.
     0 | D:1      | Reached XP level 1. HP: 10/10 MP: 6/6
   263 | D:1      | Reached XP level 2. HP: 15/15 MP: 6/8
   267 | D:1      | Learned a level 2 spell: Throw Flame
  1116 | D:1      | Reached XP level 3. HP: 19/19 MP: 6/10
  1153 | D:1      | Learned a level 3 spell: Conjure Flame
  1936 | D:2      | Reached XP level 4. HP: 24/24 MP: 8/11
  1966 | D:2      | Learned a level 4 spell: Sticky Flame
  2813 | D:3      | Found a sacrificial altar of Ru.
  2900 | D:3      | Noticed Lathuz's ghost (amateur DrFE)
  2915 | D:3      | Killed from afar by Lathuz's ghost

Vault maps used:
D:1:      minmay_arrival_jagged, corexii_corridor_pit, kennysheep_small_spiral
D:3:      nicolae_ru_great_annihilating_truth, kennysheep_big_empty_room,
          minmay_misc_feat_enclosed, cheibrodos_ashenzari_chains, uniq_robin,
          uniq_grinder

Skill      XL: |  1  2  3  4 |
---------------+-------------+-----
Conjurations   | 2 3 |  3.7
Spellcasting   | 4 |  4.3
Fire Magic     | 4 |  4.2
Dodging        | |  2.4
Stealth        | |  2.4

Action                   |  1- 3 |  4- 6 || total
-------------------------+-------+-------++-------
Melee: Club              |    21 |       ||    21
Throw: Stone             |     3 |       ||     3
 Cast: Flame Tongue      |    34 |    25 ||    59
       Throw Flame       |    30 |    22 ||    52
       Sticky Flame      |       |     1 ||     1
  Use: Scroll            |     4 |     3 ||     7
       Potion            |     1 |       ||     1
  Eat: Chunk             |     4 |     3 ||     7
Armor: Robe              |    11 |       ||    11
Dodge: Dodged            |    24 |     8 ||    32

Table legend:
 A = Spawn XP
 B = Non-spawn XP
 C = Spawn XP percentage of total XP
 D = Spawn monster count
 E = Non-spawn monster count
 F = Spawn count percentage of total count
 G = Total turns spent on level
                    A         B        C        D         E        F      G
               +---------+---------+-------+---------+---------+-------+---------
         Total |       0 |     190 |   0.0 |       0 |      56 |   0.0 |  2915
               +---------+---------+-------+---------+---------+-------+---------
           D:1 |       0 |      48 |   0.0 |       0 |      23 |   0.0 |  1165
           D:2 |       0 |      91 |   0.0 |       0 |      25 |   0.0 |  1429
           D:3 |       0 |      51 |   0.0 |       0 |       8 |   0.0 |   321
               +---------+---------+-------+---------+---------+-------+---------
